 Dungeon Crawl Stone Soup version 0.17-a0-18-gc25b939 (webtiles) character file.

10506 Eptagon the Grappler (level 11, -8/80 HPs)
             Began as an Octopode Fighter on Mar 10, 2015.
             Was an Initiate of Gozag.
             Mangled by a black mamba (13 damage)
             ... on level 1 of the Lair of Beasts.
             The game lasted 00:56:31 (15158 turns).

Eptagon the Grappler (Octopode Fighter)            Turns: 15158, Time: 00:56:31

Health: -8/80      AC:  1    Str: 18    XL:     11   Next: 63%
Magic:  32/32      EV: 17    Int: 10    God:    Gozag
Gold:   678        SH:  6    Dex: 15    Spells: 2 memorised, 15 levels left

rFire  + . .     SeeInvis .       - Unarmed
rCold  . . .     Clarity  .     L - +0 buckler
rNeg   . . .     SustAb   .     (helmet restricted)
rPois  .         Gourm    .     (no amulet)
rElec  .         Spirit   .     g - +2 ring of strength
rCorr  .         Warding  .     r - ring of magical power
rMut   .         Stasis   .     C - ring of protection from magic
MR     +....                    I - ring of stealth
Stlth  ++++......               K - ring of invisibility
                                X - ring of protection from fire
                                S - +2 ring of evasion
                                (no ring)

@: somewhat resistant to hostile enchantments, stealthy
A: almost no armour, amphibious, 8 rings, constrict 8, camouflage 1, gelatinous
body 1
a: Potion Petition, Call Merchant, Bribe Branch, Renounce Religion, Evoke
Invisibility


You were on level 1 of the Lair of Beasts.
You worshipped Gozag.
Gozag was noncommittal.
You were not hungry.

You visited 2 branches of the dungeon, and saw 13 of its levels.
You also visited: Sewer, Ossuary and Ice Cave.

You collected 2556 gold pieces.
You spent 988 gold pieces at shops.
You paid 890 gold pieces to Gozag.

Inventory:

Hand weapons
 a - a +1 blowgun
Missiles
 t - 41 poisoned needles
 T - 7 needles of sleeping
Armour
 c - a +1 shield
 L - a +0 buckler (worn)
Magical staves
 V - an uncursed staff of fire
Jewellery
 g - a +2 ring of strength (left tentacle)
 r - a ring of magical power (right tentacle)
 C - a ring of protection from magic (on tentacle)
 I - a ring of stealth (on tentacle)
 K - a ring of invisibility (on tentacle)
 Q - an uncursed ring of teleportation
 S - a +2 ring of evasion (on tentacle)
 X - a ring of protection from fire (on tentacle)
Magical devices
 q - a wand of cold (0)
 x - a wand of paralysis (9)
 y - a wand of enslavement (10)
 J - a wand of random effects (9)
 P - a wand of draining (5)
 U - a wand of cold (5)
 Z - a wand of fire (1)
Scrolls
 b - 4 scrolls of recharging
 d - 3 scrolls of amnesia
 i - a scroll of enchant weapon
 k - a scroll of teleportation
 m - 4 scrolls of remove curse
 B - 2 scrolls of enchant armour
 M - 3 scrolls of immolation
 N - a scroll of brand weapon
Potions
 e - 5 potions of might
 h - a potion of cancellation
 j - 14 potions of curing
 n - a potion of haste
 o - 3 potions of berserk rage
 p - a potion of cure mutation
 s - a potion of ambrosia
 w - 5 potions of flight
 z - 2 potions of magic
 A - 3 potions of agility
 D - 4 potions of restore abilities
 E - 2 potions of heal wounds
 F - a potion of invisibility
 G - 2 potions of brilliance
Books
 u - a book of Power

   Spells                             Type                      Level
   a - Fulminant Prism                Conjuration/Hexes            4
   b - Iskenderun's Mystic Blast      Conjuration                  4
   c - Venom Bolt                     Conjuration/Poison           5
   d - Bolt of Magma                  Conjuration/Fire/Earth       5
   e - Iron Shot                      Conjuration/Earth            6
   f - Orb of Destruction             Conjuration                  7
   g - Spellforged Servitor           Conjuration/Summoning        7
 H - a Young Poisoner's Handbook

   Spells                             Type                      Level
   a - Sting                          Conjuration/Poison           1
   b - Cure Poison                    Poison                       2
   c - Mephitic Cloud                 Conjuration/Poison/Air       3
   d - Olgreb's Toxic Radiance        Poison                       4
   e - Venom Bolt                     Conjuration/Poison           5
Comestibles
 f - 9 bread rations
 O - 3 slices of pizza
 R - 3 fruits


   Skills:
 - Level 9.1 Fighting
 - Level 5.0 Dodging
 + Level 7.6 Shields
 - Level 10.1 Unarmed Combat
 + Level 5.1 Spellcasting
 - Level 3.1 Conjurations
 - Level 3.1 Air Magic
 - Level 3.0 Poison Magic
 - Level 6.0 Evocations


You had 15 spell levels left.
You knew the following spells:

 Your Spells              Type           Power        Failure   Level  Hunger
a - Cure Poison           Pois           #.........   12%         2    ##.....
b - Mephitic Cloud        Conj/Pois/Air  #.......     21%         3    ###....


Dungeon Overview and Level Annotations

Branches:
Dungeon (12/15)            Temple (0/1) D:4            Lair (1/8) D:10
    Orc (0/4) D:11

Altars:
Elyvilon
Gozag
Makhleb
Nemelex Xobeh
Okawaru
Yredelemnul
The Shining One

Shops:
D:6 (!   D:9 %[!*

Annotations:
D:8 Erolcha


Innate Abilities, Weirdness & Mutations

You cannot wear most types of armour.
You are amphibious.
You can wear up to eight rings at the same time.
You can use your tentacles to constrict many enemies at once.
Your skin changes colour to match your surroundings (Stealth).
Your rubbery body absorbs attacks (AC +1).


Message History

* * * LOW HITPOINT WARNING * * *
You are poisoned.
Something poisons you! Something closely misses you.
Drink which item? (? for menu, Esc to quit)
You feel better. Something closely misses you. Something bites you!
* * * LOW HITPOINT WARNING * * *
Read which item? (? for menu, Esc to quit)
Okay, then.
Drink which item? (? for menu, Esc to quit)
You feel better. Something bites you.
* * * LOW HITPOINT WARNING * * *
Something bites you.
* * * LOW HITPOINT WARNING * * *
Drink which item? (? for menu, Esc to quit)
You feel better. Something bites you!
* * * LOW HITPOINT WARNING * * *
Something bites you!
You die...
Your body crumbles into a pile of gold.

#.##P.##.##......####
##.#.###..[.#.......
#.....##....#.......
#......#....#....... .
#/.(........# ......
#.##.....##....# .....
#.##...........# ....
#..#.#..###....# ...
#.#..#@#.##....####+#.#
#......................
#......................
#.....$................
#..>...................
#.####P#.##.[..........
#.#P####.###.....####.+
#.........##.....#.....
#.##......##.....P.....


There were no monsters in sight!

Vanquished Creatures
  2 ice statues (IceCv)
  Pikel (D:6)
  An ugly thing (D:11)
  A manticore (D:11)
  A black mamba (Lair:1)
  A komodo dragon (Lair:1)
  A shadow (D:11)
  A wyvern (D:9)
  2 hogs (D:7)
  2 humans
  Eustachio (D:6)
  A deep elf mage (D:10)
  2 yaks (Lair:1)
  A hippogriff (D:7)
  A steam dragon (D:7)
  2 water moccasins
  3 slaves (D:6)
  2 black bears
  11 ice beasts
  4 orc warriors (D:11)
  4 ogres
  5 sky beasts
  5 centaurs
  A big kobold (D:10)
  Duvessa (D:7)
  A gnoll sergeant (D:7)
  9 giant frogs
  A scorpion (D:7)
  7 killer bees (D:10)
  2 crimson imps (D:8)
  Dowan (D:7)
  4 centaur zombies
  A giant frog zombie (D:5)
  3 orc priests
  A goliath beetle (D:6)
  5 jellies
  Crazy Yiuf (D:2)
  2 human zombies
  4 hounds
  6 orc wizards
  2 sirens (Sewer)
  2 iguanas
  A killer bee zombie (D:9)
  10 worker ants
  A merfolk avatar (Sewer)
  A big kobold zombie (Ossuary)
  2 sheep (D:7)
  A hound zombie (D:9)
  2 hound skeletons (D:4)
  14 gnolls
  5 mummies
  6 river rats
  12 adders
  3 shadow imps
  2 giant mites (Sewer)
  2 worms
  2 adder skeletons
  39 orcs
  14 bats
  9 giant cockroaches
  9 goblins
  18 hobgoblins
  10 jackals
  5 quokkas
  4 ball pythons (Sewer)
  4 giant geckos
  10 giant newts
  A giant spore (D:10)
  2 gnoll zombies (Ossuary)
  3 hobgoblin zombies
  16 kobolds
  A kobold zombie (D:8)
  An orc zombie (Ossuary)
  36 rats
  A ballistomycete (D:10)
356 creatures vanquished.

Vanquished Creatures (others)
  An orc (D:6)
  A rat (D:3)
2 creatures vanquished.

Grand Total: 358 creatures vanquished

Notes
Turn   | Place    | Note
--------------------------------------------------------------
     0 | D:1      | Eptagon, the Octopode Fighter, began the quest for the Orb.
     0 | D:1      | Reached XP level 1. HP: 16/16 MP: 1/1
   308 | D:1      | Reached XP level 2. HP: 21/21 MP: 2/2
  1110 | D:2      | Reached XP level 3. HP: 24/26 MP: 3/3
  1478 | D:2      | Found an opulent altar of Gozag.
  1489 | D:2      | Became a worshipper of Gozag Ym Sagoz the Greedy
  1736 | D:3      | Reached XP level 4. HP: 28/33 MP: 4/4
  1801 | D:3      | Found a runed door.
  1802 | D:3      | Noticed a human
  1809 | D:3      | Found a basalt altar of Yredelemnul.
  1818 | D:3      | Reached skill level 4 in Fighting
  1893 | D:3      | Killed a human
  1893 | D:3      | Reached XP level 5. HP: 14/38 MP: 5/5
  1893 | D:3      | Reached XP level 6. HP: 16/44 MP: 6/6
  2044 | D:3      | Reached skill level 5 in Unarmed Combat
  2984 | D:4      | Reached skill level 5 in Fighting
  3071 | D:4      | Found a white marble altar of Elyvilon.
  3102 | D:4      | Reached XP level 7. HP: 34/50 MP: 7/7
  3155 | D:4      | Reached skill level 6 in Unarmed Combat
  3218 | D:4      | Found a staircase to the Ecumenical Temple.
  3574 | D:4      | Found a sparkling altar of Nemelex Xobeh.
  4063 | D:2      | Noticed Crazy Yiuf
  4071 | D:2      | Killed Crazy Yiuf
  4204 | D:5      | Entered Level 5 of the Dungeon
  4314 | D:5      | Found an iron altar of Okawaru.
  4423 | D:5      | Found a glowing drain.
  4460 | Sewer    | Entered a sewer
  4538 | Sewer    | Reached skill level 7 in Unarmed Combat
  4802 | Sewer    | Noticed a drowned soul
  4802 | Sewer    | Noticed a drowned soul
  4803 | Sewer    | Noticed a drowned soul
  4804 | Sewer    | Noticed a drowned soul
  5160 | D:5      | Reached XP level 8. HP: 52/57 MP: 8/8
  5773 | D:5      | Reached skill level 8 in Unarmed Combat
  5853 | D:6      | Noticed Eustachio
  5874 | D:6      | Killed Eustachio
  5896 | D:6      | Noticed Pikel
  5910 | D:6      | Found Bluist's Antique Weapon Emporium.
  6122 | D:6      | Found Phoeb's Distillery.
  6200 | D:6      | Bought a potion of poison for 15 gold pieces
  6200 | D:6      | Bought a potion of restore abilities for 75 gold pieces
  6200 | D:6      | Bought a potion of heal wounds for 75 gold pieces
  6200 | D:6      | Bought a potion of invisibility for 120 gold pieces
  6200 | D:6      | Bought a potion of brilliance for 60 gold pieces
  6230 | D:6      | Killed Pikel
  6230 | D:6      | Reached XP level 9. HP: 21/64 MP: 9/9
  7098 | D:6      | Reached skill level 5 in Dodging
  7129 | D:6      | Bought a potion of curing for 45 gold pieces
  7129 | D:6      | Bought a potion of agility for 60 gold pieces
  7129 | D:6      | Bought a potion of might for 60 gold pieces
  7129 | D:6      | Bought a potion of curing for 45 gold pieces
  7214 | D:7      | Reached skill level 5 in Shields
  7314 | D:7      | Noticed Dowan
  7336 | D:7      | Killed Dowan
  7348 | D:7      | Noticed Duvessa
  7391 | D:7      | Killed Duvessa
  7876 | D:7      | HP: 2/66 [hog (4)]
  8522 | D:7      | Reached skill level 1 in Evocations
  8805 | D:7      | Reached XP level 10. HP: 58/73 MP: 15/15
  9023 | D:7      | Reached skill level 9 in Unarmed Combat
  9563 | D:8      | Found a sand-covered staircase.
  9568 | Ossuary  | Entered an ossuary
  9893 | D:8      | Reached skill level 5 in Evocations
 10052 | D:8      | Found a glowing golden altar of the Shining One.
 10094 | D:8      | Noticed Erolcha
 10846 | D:9      | Learned a level 2 spell: Cure Poison
 10850 | D:9      | Learned a level 3 spell: Mephitic Cloud
 10919 | D:9      | Found Ynibry's Distillery.
 10926 | D:9      | Bought a potion of degeneration for 15 gold pieces
 10926 | D:9      | Bought a potion of curing for 45 gold pieces
 10926 | D:9      | Bought a potion of curing for 45 gold pieces
 10926 | D:9      | Bought a potion of curing for 45 gold pieces
 10926 | D:9      | Bought a potion of curing for 45 gold pieces
 10926 | D:9      | Bought 2 potions of might for 120 gold pieces
 10926 | D:9      | Bought a potion of might for 60 gold pieces
 11012 | D:9      | Reached skill level 1 in Poison Magic
 11035 | D:9      | Found Pironamnu's Assorted Antiques.
 11055 | D:9      | Bought a scroll of identify for 58 gold pieces
 11168 | D:9      | Found Qaosmuan's Armour Shop.
 11192 | D:9      | Found Ziurocia's Food Boutique.
 11297 | D:9      | Reached skill level 1 in Air Magic
 11351 | D:9      | Found a burning altar of Makhleb.
 11371 | D:9      | Reached skill level 1 in Conjurations
 11668 | D:10     | Entered Level 10 of the Dungeon
 12367 | D:10     | Found a glowing golden altar of the Shining One.
 12749 | D:10     | Found a staircase to the Lair.
 12969 | D:11     | Noticed a manticore
 12981 | D:11     | Killed a manticore
 12981 | D:11     | Reached skill level 1 in Spellcasting
 12981 | D:11     | Reached XP level 11. HP: 51/80 MP: 20/20
 13091 | D:11     | Found a sparkling altar of Nemelex Xobeh.
 13168 | D:11     | Found a frozen archway.
 13204 | IceCv    | Entered an ice cave
 13221 | IceCv    | Reached skill level 10 in Unarmed Combat
 13375 | IceCv    | Noticed an ice statue
 13375 | IceCv    | Noticed an ice statue
 13387 | IceCv    | Killed an ice statue
 13388 | IceCv    | Killed an ice statue
 13611 | D:11     | Noticed a white ugly thing
 13660 | D:11     | Killed a white ugly thing
 14255 | D:11     | Found a staircase to the Orcish Mines.
 14603 | Lair:1   | Entered Level 1 of the Lair of Beasts
 15102 | Lair:1   | Reached skill level 5 in Spellcasting
 15158 | Lair:1   | Mangled by a black mamba

Action                   |  1- 3 |  4- 6 |  7- 9 | 10-12 || total
-------------------------+-------+-------+-------+-------++-------
Melee: Unarmed           |    81 |    61 |   303 |   262 ||   707
 Fire: Blowgun           |       |    11 |   110 |   101 ||   222
 Cast: Cure Poison       |       |       |       |     4 ||     4
       Mephitic Cloud    |       |       |       |     2 ||     2
Invok: Call Merchant     |       |       |     1 |       ||     1
Evoke: Wand              |       |       |     5 |    30 ||    35
  Use: Scroll            |     3 |       |     6 |    22 ||    31
       Potion            |       |       |     1 |     6 ||     7
 Stab: Sleeping          |     9 |     2 |    23 |    24 ||    58
       Distracted        |       |     1 |     4 |       ||     5
       Confused          |       |       |       |     2 ||     2
  Eat: Chunk             |     2 |       |       |       ||     2
       Meat ration       |       |     1 |     1 |     1 ||     3
       Beef jerky        |       |       |     1 |     4 ||     5
       Pizza             |       |       |     1 |     4 ||     5
       Bread ration      |       |       |     2 |       ||     2
       Royal jelly       |       |       |     1 |     1 ||     2
